 Dungeon Crawl Stone Soup version 0.21.1-1-g345015f (webtiles) character file.

11125 eccles the Carver (level 11, -5/101 HPs)
             Began as a Minotaur Berserker on May 2, 2018.
             Was a High Priest of Trog.
             Slain by a crocodile (12 damage)
             ... on level 2 of the Lair of Beasts on May 3, 2018.
             The game lasted 01:15:22 (10928 turns).

eccles the Carver (Minotaur Berserker)             Turns: 10928, Time: 01:15:22

Health: -5/101     AC: 24    Str: 22 (23) XL:     11   Next: 45%
Magic:  10/10      EV:  8    Int:  1 (4)  God:    Trog [*****.]
Gold:   230        SH:  5    Dex:  9 (12) Spells: 10/10 levels left

rFire    . . .     SeeInvis .   w - +2 mace (holy)
rCold    . . .     Gourm    .   s - +0 buckler
rNeg     + . .     Faith    .   J - +3 plate armour {rPois}
rPois    +         Spirit   .   (helmet restricted)
rElec    .         Reflect  .   y - +0 cloak
rCorr    .         Harm     .   D - +0 pair of gloves
MR       .....                  S - +2 pair of boots {Fly}
Stlth    ..........             (no amulet)
HPRegen  0.26/turn              H - ring of positive energy
MPRegen  0.12/turn              C - ring of stealth

@: flying
A: retaliatory headbutt, horns 2
a: Berserk, Trog's Hand, Brothers in Arms, Burn Spellbooks, Renounce Religion,
Stop Flying


You were on level 2 of the Lair of Beasts.
You worshipped Trog.
Trog was extremely pleased with you.
You were near starving.

You visited 2 branches of the dungeon, and saw 10 of its levels.
You also visited: Labyrinth and Sewer.

You collected 556 gold pieces.
You spent 326 gold pieces at shops.

Inventory:

Hand Weapons
 a - a +3 falchion
 i - a +0 long sword
 q - a +0 hand axe of electrocution
 t - a +2 hand axe of chopping
 w - a +2 mace of holy wrath (weapon)
 x - a +3 quarterstaff of chaos
 R - the +4 great mace of Causality {drain, rF+ Int+2, unknown}
   (You found it in a labyrinth)

   A truly terrible weapon, it drains the life of those it strikes.
   It affects your intelligence (+2).
   It protects you from fire.
 U - the +3 shortbow of Purpose {velocity, Dex+10, unknown}
   (You found it on level 1 of the Lair of Beasts)

   Any arrow fired from it inflicts extra damage.
   It affects your dexterity (+10).
Missiles
 o - 5 tomahawks (quivered)
 A - 6 tomahawks of dispersal
Armour
 b - a +0 animal skin
 e - a +1 leather armour
 h - a +0 troll leather armour
 j - a +2 pair of boots
 n - a +3 plate armour
 p - a +0 chain mail
 s - a +0 buckler (worn)
 y - a +0 cloak (worn)
 D - a +0 pair of gloves (worn)
 J - a +3 plate armour of poison resistance (worn)
 L - a +0 pair of gloves
 S - a +2 pair of boots of flying (worn)
Magical Staves
 M - an uncursed staff of power
Jewellery
 C - a ring of stealth (right hand)
 H - a ring of positive energy (left hand)
 Q - an uncursed ring of positive energy
Wands
 u - a wand of flame (34)
 z - a wand of paralysis (21)
 K - a wand of disintegration (9)
 N - a wand of iceblast (14)
 O - a wand of scattershot (4)
 P - a wand of polymorph (4)
Scrolls
 d - 5 scrolls of remove curse
 g - 3 scrolls of blinking
 k - a scroll of enchant weapon
 l - 4 scrolls of enchant armour
 m - 9 scrolls of identify
 G - 2 scrolls of teleportation
Potions
 f - 2 potions of heal wounds
 r - a potion of berserk rage
 v - 2 potions of might
 B - 2 potions of curing
 E - a potion of invisibility
 F - 2 potions of flight
 I - 3 potions of magic
Miscellaneous
 T - a crystal ball of energy
Comestibles
 c - 8 rations


   Skills:
 + Level 10.5 Fighting
 + Level 12.9 Long Blades
 + Level 3.5 Maces & Flails
 + Level 2.1 Throwing
 + Level 11.0 Armour
 + Level 4.5 Dodging
 + Level 2.2 Stealth
 + Level 6.7 Shields
 + Level 0.2 Evocations


You had 10 spell levels left.
You didn't know any spells.

Dungeon Overview and Level Annotations

Branches:
Dungeon (8/15)             Temple (0/1) D:4            Lair (2/6) D:8
 Shoals (0/4) Lair:2       Spider (0/4) Lair:2

Altars:
Cheibriados
Hepliaklqana
Nemelex Xobeh
Okawaru
Sif Muna
Trog
Uskayaw
Yredelemnul
Zin

Shops:
D:8 =*==?


Innate Abilities, Weirdness & Mutations

You reflexively headbutt those who attack you in melee.
You have a pair of horns on your head.


Message History

The crocodile is lightly wounded.
The crocodile bites you!
* * * LOW HITPOINT WARNING * * *
You hit the crocodile.
The crocodile is moderately wounded.
You block the crocodile's attack.
You hit the crocodile.
You headbutt the crocodile, but do no damage.
The crocodile is moderately wounded.
The crocodile barely misses you. You furiously retaliate!
You headbutt the crocodile. You closely miss the crocodile.
The crocodile is heavily wounded.
The crocodile bites you!
* * * LOW HITPOINT WARNING * * *
You hit the crocodile.
You headbutt the crocodile, but do no damage.
The crocodile is severely wounded.
You block the crocodile's attack. The crocodile bites you!
You die...

≈####### ### ≈P...#.# ##.####
≈.....# #.....# ≈....## #....#
≈.....# ##...## ≈.....#####
#....^### ######
P.....#.#.#########...^^.###.#P##
...............†....##^.^..##..^.
.......P###...#t@...###^^^^.##...
###.....####..##......##.....##.#
≈......##.#..##P...#...#.^....#.#
.......##....+.+...#...###..>.###
.......'.'...##P.........##....##
..#....#.#######..........######.
..#....### #.............#...#
###..... #.............#...#
........ ......P........#..[#


You could see a crocodile.

Vanquished Creatures
  A minotaur (Lab)
  3 hydras
  A two-headed ogre (D:8)
  Pikel (D:7)
  A wolf spider (Lair:2)
  The ghost of Verendum the Grappler, a novice TrMo (D:7)
  The ghost of Iko the Covered, a novice DDSk of the Shining One (D:8)
  3 black mambas (Lair:2)
  A spiny frog (Lair:1)
  2 komodo dragons
  2 jumping spiders (Lair:2)
  A hornet (D:8)
  A hippogriff (Lair:1)
  3 blink frogs
  Edmund (D:4)
  A water moccasin (Lair:2)
  A porcupine (Lair:1)
  2 orc warriors
  3 ice beasts
  4 centaurs
  An ogre (D:6)
  A crocodile (Lair:2)
  3 bullfrogs
  A wyvern skeleton (D:6)
  2 scorpions
  10 killer bees (D:7)
  2 crimson imps
  4 hounds
  A gnoll shaman (D:8)
  5 orc priests
  Crazy Yiuf (D:3)
  Jessica (D:3)
  A bullfrog skeleton (D:8)
  4 orc wizards
  Ijyb (D:4)
  Natasha (thrice) (D:3)
  6 worker ants
  2 worker ant zombies
  8 gnolls (D:8)
  3 adders
  3 shadow imps
  2 oozes
  A worm (D:2)
  12 dart slugs
  6 leopard geckos
  13 orcs
  A ball python (Sewer)
  7 giant cockroaches
  3 hobgoblins
  7 jackals
  10 kobolds
  A quokka (D:3)
  16 bats
  A frilled lizard (D:1)
  6 goblins
  A jackal zombie (D:5)
  A leopard gecko skeleton (D:2)
  7 rats
192 creatures vanquished.

Vanquished Creatures (others)
  A hound zombie (D:7)
  2 orcs (D:7)
  A fungus (Lair:2)
4 creatures vanquished.

Grand Total: 196 creatures vanquished

Notes
Turn   | Place    | Note
-------+----------+-------------------------------------------
     0 | D:1      | eccles the Minotaur Berserker began the quest for the Orb.
     0 | D:1      | Reached XP level 1. HP: 19/19 MP: 0/0
   259 | D:1      | Reached XP level 2. HP: 27/27 MP: 1/1
   312 | D:1      | Reached skill level 4 in Long Blades
   345 | D:1      | You fall through a shaft!
   464 | D:2      | Found a bloodstained altar of Trog.
   497 | D:2      | Reached ** piety under Trog
   497 | D:2      | Reached XP level 3. HP: 33/33 MP: 2/2
  1413 | D:3      | Reached XP level 4. HP: 41/41 MP: 3/3
  1483 | D:3      | Found a basalt altar of Yredelemnul.
  1483 | D:3      | Noticed Natasha
  1489 | D:3      | Killed Natasha
  1489 | D:3      | Reached skill level 1 in Stealth
  1491 | D:3      | Reached skill level 5 in Long Blades
  1491 | D:3      | Reached XP level 5. HP: 47/47 MP: 4/4
  1613 | D:3      | Noticed Jessica
  1615 | D:3      | Killed Jessica
  1748 | D:3      | Noticed Natasha
  1760 | D:3      | Killed Natasha
  1760 | D:3      | Reached *** piety under Trog
  1760 | D:3      | Reached skill level 5 in Fighting
  1809 | D:3      | Noticed Natasha
  1835 | D:3      | Killed Natasha
  1918 | D:3      | Found a runed door.
  1930 | D:3      | Noticed Crazy Yiuf
  1938 | D:3      | Killed Crazy Yiuf
  1938 | D:3      | Reached XP level 6. HP: 29/56 MP: 5/5
  2298 | D:4      | Reached skill level 6 in Long Blades
  2311 | D:4      | Noticed Ijyb
  2312 | D:4      | Paralysed by Ijyb for 4 turns
  2335 | D:4      | Killed Ijyb
  2450 | D:4      | Found a hazy altar of Hepliaklqana.
  2490 | D:4      | Noticed Edmund
  2504 | D:4      | Killed Edmund
  2504 | D:4      | Reached XP level 7. HP: 61/61 MP: 6/6
  2525 | D:4      | Found a staircase to the Ecumenical Temple.
  2639 | D:5      | Entered Level 5 of the Dungeon
  2757 | D:5      | Reached skill level 7 in Long Blades
  3119 | D:5      | Found a deep blue altar of Sif Muna.
  3163 | D:5      | Reached skill level 1 in Shields
  3529 | D:6      | Found a glowing drain.
  3533 | Sewer    | Entered a sewer
  3538 | Sewer    | Reached **** piety under Trog
  4427 | D:6      | Reached skill level 5 in Armour
  4470 | D:6      | Reached XP level 8. HP: 67/71 MP: 7/7
  4482 | D:6      | Reached skill level 8 in Long Blades
  4500 | D:6      | Found a hide-covered altar of Uskayaw.
  4865 | D:7      | Noticed Verendum's ghost (novice TrMo)
  4887 | D:7      | Killed Verendum's ghost
  4887 | D:7      | Reached skill level 9 in Long Blades
  5252 | D:7      | Found a glowing silver altar of Zin.
  5329 | D:7      | Reached XP level 9. HP: 66/79 MP: 8/8
  5414 | D:7      | Found a snail-covered altar of Cheibriados.
  5473 | D:7      | Noticed Pikel
  5484 | D:7      | Killed Pikel
  5484 | D:7      | Reached skill level 10 in Long Blades
  5881 | D:7      | Found an iron altar of Okawaru.
  6115 | D:7      | Found a sparkling altar of Nemelex Xobeh.
  6270 | D:8      | Reached skill level 1 in Throwing
  6271 | D:8      | Found a staircase to the Lair.
  6314 | D:8      | Reached ***** piety under Trog
  6344 | D:8      | Noticed a two-headed ogre
  6355 | D:8      | Killed a two-headed ogre
  6355 | D:8      | Reached skill level 11 in Long Blades
  6355 | D:8      | Reached skill level 5 in Shields
  6355 | D:8      | Reached XP level 10. HP: 41/90 MP: 9/9
  6746 | D:8      | Found Woom's Magic Scroll Boutique.
  6755 | D:8      | Bought a scroll of identify for 22 gold pieces
  6755 | D:8      | Bought 2 scrolls of identify for 44 gold pieces
  6755 | D:8      | Bought a scroll of enchant armour for 82 gold pieces
  6755 | D:8      | Bought a scroll of identify for 22 gold pieces
  6857 | D:8      | Noticed Iko's ghost (novice DDSk)
  6884 | D:8      | Killed Iko's ghost
  6908 | D:8      | Found Xonuwnon's General Store.
  6934 | D:8      | Bought a scroll of identify for 26 gold pieces
  6934 | D:8      | Bought a ration for 65 gold pieces
  6934 | D:8      | Bought a ration for 65 gold pieces
  6936 | D:8      | Found Esosch's Jewellery Shoppe.
  6954 | D:8      | Found Sool's Jewellery Shop.
  7083 | D:8      | Found Rapn's Jewellery Shoppe.
  7234 | Lair:1   | Entered Level 1 of the Lair of Beasts
  7234 | Lair:1   | Found a labyrinth entrance.
  7250 | Lab      | Entered a labyrinth
  8731 | Lab      | Noticed a minotaur
  8739 | Lab      | Killed a minotaur
  8739 | Lab      | Reached skill level 12 in Long Blades
  8758 | Lab      | Got a jewelled great mace
  9027 | Lair:1   | Got an ancient shortbow
  9189 | Lair:1   | Noticed a spiny frog
  9194 | Lair:1   | Killed a spiny frog
  9217 | Lair:1   | Noticed an eight-headed hydra
  9229 | Lair:1   | Killed an eight-headed hydra
  9229 | Lair:1   | Reached skill level 10 in Armour
  9982 | Lair:2   | Noticed a seven-headed hydra
  9989 | Lair:1   | Killed a seven-headed hydra
  9989 | Lair:1   | Reached skill level 1 in Maces & Flails
  9999 | Lair:1   | Reached XP level 11. HP: 30/99 MP: 10/10
 10286 | Lair:2   | Found a staircase to the Shoals.
 10452 | Lair:2   | Noticed a wolf spider
 10468 | Lair:2   | Killed a wolf spider
 10468 | Lair:2   | Reached skill level 10 in Fighting
 10483 | Lair:2   | Found a hole to the Spider Nest.
 10798 | Lair:2   | Noticed a seven-headed hydra
 10804 | Lair:2   | Killed a seven-headed hydra
 10928 | Lair:2   | Slain by a crocodile

Skill      XL: |  1  2  3  4  5  6  7  8  9 10 11 |
---------------+----------------------------------+-----
Long Blades    | 4 5 6 7 9 11 12 | 12.9
Fighting       | 4 5 6 7 8 9 10 | 10.5
Stealth        | 1 2 |  2.2
Dodging        | 3 4 |  4.5
Armour         | 3 5 6 8 10 11 | 11.0
Shields        | 2 3 5 6 |  6.7
Throwing       | 1 2 |  2.1
Maces & Flails | 2 3 |  3.5
Evocations     | |  0.2

Action                   |  1- 3 |  4- 6 |  7- 9 | 10-12 || total
-------------------------+-------+-------+-------+-------++-------
Melee: Falchion          |    83 |    98 |   333 |   179 ||   693
       Headbutt          |    10 |    23 |    78 |    70 ||   181
       Mace              |       |       |       |    52 ||    52
Throw: Tomahawk          |     2 |       |     4 |    10 ||    16
Invok: Burn Spellbooks   |     1 |       |     2 |     2 ||     5
       Berserk           |       |     3 |     5 |     5 ||    13
Evoke: Wand              |       |       |     1 |       ||     1
  Use: Scroll            |     4 |     1 |     7 |     7 ||    19
       Potion            |     1 |       |    10 |     4 ||    15
  Eat: Chunk             |     1 |     5 |    10 |     3 ||    19
       Ration            |       |       |     3 |     4 ||     7
Armor: Leather armour    |    27 |       |       |       ||    27
       Chain mail        |    10 |    42 |    76 |       ||   128
       Plate armour      |       |       |   139 |   166 ||   305
Dodge: Dodged            |    61 |    26 |   155 |    87 ||   329
Block: Buckler           |       |    11 |    71 |    79 ||   161
       Rpst.: Falchion   |    20 |     5 |    36 |    13 ||    74
